 Dungeon Crawl Stone Soup version 0.26-a0-800-g517d6fe721 (webtiles) character file.

Game seed: 13432275299535824734

12 DarkMailMan the Ruffian (level 2, 0/23 HPs)
             Began as a Draconian Transmuter on Nov 12, 2020.
             Slain by a kobold
             ... wielding a +0 dagger
              (6 damage)
             ... on level 1 of the Dungeon.
             The game lasted 00:01:30 (852 turns).

DarkMailMan the Ruffian (Draconian Transmuter)       Turns: 852, Time: 00:01:31

Health: 0/23       AC:  5    Str: 12    XL:     2   Next: 20%
Magic:  4/5        EV: 12    Int: 13    God:
Gold:   32         SH:  0    Dex: 11    Spells: 4/5 levels left

rFire    . . .     SeeInvis .     - Unarmed
rCold    . . .     Faith    .   (no shield)
rNeg     . . .     Spirit   .   (armour unavailable)
rPois    .         Reflect  .   (helmet restricted)
rElec    .         Harm     .   a - +0 cloak
rCorr    .         Rampage  .   (no gloves)
MR       .....                  (no boots)
Stlth    +.........             (no amulet)
HPRegen  0.07/turn              (no ring)
MPRegen  0.09/turn              (no ring)

@: very slightly contaminated
A: unfitting armour, cold-blooded, AC +4
a: no special abilities


You were on level 1 of the Dungeon.
You visited 1 branch of the dungeon, and saw 1 of its levels.

You collected 32 gold pieces.

Inventory:

Armour
 a - a +0 cloak (worn)
Scrolls
 b - a scroll of fear {unknown}
 c - 3 scrolls of teleportation {unknown}


   Skills:
 + Level 1.1 Fighting
 + Level 1.8 Dodging
 + Level 3.3 Unarmed Combat
 + Level 2.1 Spellcasting
 + Level 2.3 Transmutations


You had 4 spell levels left.
You knew the following spells:

 Your Spells              Type           Power        Failure   Level
a - Beastly Appendage     Tmut           #.....       10%         1

Your spell library contained the following spells:

 Spells                   Type           Power        Failure   Level
 Wereblood                Tmut           #.......     14%         2
 Spider Form              Tmut/Pois      #.........   43%         3
 Ice Form                 Ice/Tmut       #.......     83%         4
 Blade Hands              Tmut           #.........   95%         5


Dungeon Overview and Level Annotations

Branches:
Dungeon (1/15)

Altars:


Innate Abilities, Weirdness & Mutations

Your plain brown scales are hard. (AC +4)
You cannot fit into any form of body armour.
You are cold-blooded and may be slowed by cold attacks.


Message History

The gnoll hits you with a cursed -1 spear.
You hit the gnoll.
The gnoll is lightly wounded.
You hit the gnoll.
The gnoll is heavily wounded.
The gnoll misses you. The kobold hits you but does no damage.
You hit the gnoll but do no damage.
The gnoll is heavily wounded.
A bat comes into view.
The gnoll hits you with a cursed -1 spear.
You closely miss the gnoll.
The gnoll is heavily wounded.
The kobold hits you with a +0 dagger.
The kobold hits you with a +0 short sword.
* * * LOW HITPOINT WARNING * * *
The gnoll barely misses you.
You hit the gnoll but do no damage.
The gnoll is heavily wounded.
The kobold hits you with a +0 dagger.
You die...

########### ...#......#
##.#.####.###########...
................@g......
.....##.#.#.....KK..b...
...#.##.#.#.########....
..##.##.#.#.##.....# ...
...#.##.#.#.##.....# .
.###.##.#.#.##.....#
.....##.#.#.##.....#
.######.#.#.##.....#
>..................#


You could see a gnoll, a bat and 2 kobolds.

Vanquished Creatures
  A leopard gecko (D:1)
  2 giant cockroaches (D:1)
  2 goblins (D:1)
  A hobgoblin (D:1)
  A kobold (D:1)
  A bat (D:1)
  2 rats (D:1)
10 creatures vanquished.

Notes
Turn   | Place    | Note
-------+----------+-------------------------------------------
     0 | D:1      | DarkMailMan the Draconian Transmuter began the quest for
                  | the Orb.
     0 | D:1      | Reached XP level 1. HP: 16/16 MP: 3/3
   565 | D:1      | Reached XP level 2. HP: 18/23 MP: 3/5
   852 | D:1      | Slain by a kobold

Illustrated notes

Levels and vault maps discovered:
D:1:      saegor_arrival_simple_e, layout_basic

Action                   || total
-------------------------++-------
Melee: Unarmed           ||    36
       Kick              ||     3
       Tailslap          ||     2
       Headbutt          ||     1
 Cast: Beastly Appendage ||     3
Armor: Skin              ||    14
Dodge: Dodged            ||    19

Table legend: (Time is in decaauts)
 A = Elapsed time spent in this place.
 B = Non-inter-level travel time spent in this place.
 C = Inter-level travel time spent in this place.
 D = Time resting spent in this place.
 E = Time spent auto-exploring this place.
 F = Levels seen in this place.
 G = Mean time per level.
                   A        B        C        D        E       F      G
               +--------+--------+--------+--------+--------+-----+--------+
         Total |    849 |    823 |     26 |    485 |    130 |   1 |  849.0 |
       Dungeon |    849 |    823 |     26 |    485 |    130 |   1 |  849.0 |
               +--------+--------+--------+--------+--------+-----+--------+

Top non-repeatable levels by time:
     D:1: 849 daAuts
